 Dungeon Sprint DCSS version 0.21.0-3-g78d12a8 (webtiles) character file.

3342 wojtek the Severer (level 9, -1/97 HPs)
             Began as a Minotaur Berserker on Jan 12, 2018.
             Was an Elder of Trog.
             Slain by a manticore (5 damage)
             ... in the Dungeon (Sprint VII: "The Pits").
             The game lasted 00:04:08 (1520 turns).

wojtek the Severer (Minotaur Berserker)             Turns: 1520, Time: 00:04:10

Health: -1/97      AC: 19    Str: 25    XL:     9   Next: 72%
Magic:  2/2        EV: 11    Int:  7    God:    Trog [****..]
Gold:   0          SH:  0    Dex: 13    Spells: 8/8 levels left

rFire    . . .     SeeInvis .   y - +2 battleaxe (antimagic)
rCold    . . .     Gourm    .   (shield currently unavailable)
rNeg     . . .     Faith    .   m - +2 plate armour
rPois    .         Spirit   .   (helmet restricted)
rElec    .         Reflect  .   s - +0 cloak
rCorr    .         Harm     .   u - +0 pair of gloves
MR       .....     NoTele   +   t - +0 pair of boots
Stlth    ..........             (no amulet)
HPRegen  0.26/turn              q - +3 ring of dexterity
MPRegen  0.08/turn              o - +3 ring of intelligence

@: barbed spikes
A: retaliatory headbutt, horns 2
a: Berserk, Trog's Hand, Brothers in Arms, Burn Spellbooks, Renounce Religion


You were in the Dungeon.
You worshipped Trog.
Trog was greatly pleased with you.
You were not hungry.

You visited 1 branch

Inventory:

Hand Weapons
 a - a +1 antimagic war axe
 b - a +2 war axe of freezing
 p - a +6 battleaxe of freezing
 y - a +2 antimagic battleaxe (weapon)
Armour
 m - a +2 plate armour (worn)
 s - a +0 cloak (worn)
 t - a +0 pair of boots (worn)
 u - a +0 pair of gloves (worn)
 v - a +0 animal skin
Jewellery
 o - a +3 ring of intelligence (right hand)
 q - a +3 ring of dexterity (left hand)
Scrolls
 i - a scroll of blinking
 k - 3 scrolls of remove curse
 l - a scroll of summoning
Potions
 d - 6 potions of curing
 e - 7 potions of heal wounds
 f - 3 potions of haste
 g - 4 potions of magic
 h - 3 potions of berserk rage
 j - a potion of mutation
 n - 2 potions of invisibility
 r - 2 potions of brilliance
 w - a potion of might
Comestibles
 c - 9 rations
 x - 6 chunks of flesh


   Skills:
 + Level 15.4 Fighting
 + Level 17.4 Axes
 + Level 8.3 Armour
 + Level 8.5 Dodging
 + Level 1.6 Stealth


You had 8 spell levels left.
You didn't know any spells.

Dungeon Overview and Level Annotations

Branches:
Dungeon (1/1)

Altars:


Innate Abilities, Weirdness & Mutations

You reflexively headbutt those who attack you in melee.
You have a pair of horns on your head.


Message History

* * * LOW HITPOINT WARNING * * *
The black mamba misses you.
You feel better. The black mamba bites you!
* * * LOW HITPOINT WARNING * * *
Your two-headed ogre closely misses the black mamba.
Your two-headed ogre hits the black mamba with a giant spiked club.
The phantasmal warrior barely misses you.
You furiously retaliate!
You headbutt the phantasmal warrior.
The manticore bites you but does no damage.
The manticore claws you but does no damage.
The manticore closely misses you.
The black mamba bites your two-headed ogre.
You feel much better.
Your two-headed ogre hits the black mamba with a giant club!!
The black mamba dies!
Trog accepts your kill. The phantasmal warrior hits you!!
* * * LOW HITPOINT WARNING * * *
The manticore bites you.
You die...

.###....## #### .#
##''## ###..+
.###....###....#
.##.)....#....#
###......'÷...+
###......#....##
[###....###....##+##
.# ##''## ###..'O..+
)###.÷..## ####@†.#
)##......# #.H.W...#
)##......#
#.........#
##########
###########


You could see a manticore, a phantasmal warrior and a friendly two-headed ogre
(berserk).

Vanquished Creatures
  Urug (D)
  A flying skull (D)
  A fire bat (D)
  A soldier ant (D)
  A warg (D)
  A floating eye (D)
  An ogre (D)
  A big kobold (D)
  A hound (D)
  2 orc priests (D)
  An iron imp (D)
  An orc wizard (D)
  A worker ant (D)
  A gnoll (D)
  A river rat (D)
  2 oozes (D)
  An adder skeleton (D)
  A ball python (D)
  A goblin (D)
  3 jackals (D)
  A kobold (D)
  A quokka (D)
26 creatures vanquished.

Vanquished Creatures (collateral kills)
  A sun demon (D)
  A black mamba (D)
  An efreet (D)
  A bog body (D)
  A snapping turtle (D)
  3 blink frogs (D)
  A tarantella (D)
  A steam dragon (D)
  An acid dragon (D)
  A sky beast (D)
  A black bear (D)
  An orc warrior (D)
  An orc (D)
  A kobold (D)
16 creatures vanquished.

Vanquished Creatures (others)
  A worker ant (D)
1 creature vanquished.

Grand Total: 43 creatures vanquished

Notes
Turn   | Place    | Note
-------+----------+-------------------------------------------
     0 | D        | wojtek the Minotaur Berserker began the quest for the Orb.
     0 | D        | Reached XP level 1. HP: 19/19 MP: 0/0
    10 | D        | Reached skill level 4 in Axes
    48 | D        | Reached ** piety under Trog
    48 | D        | Reached XP level 2. HP: 20/28 MP: 1/1
   147 | D        | Reached skill level 5 in Fighting
   147 | D        | Reached skill level 6 in Axes
   147 | D        | Reached XP level 3. HP: 13/37 MP: 2/2
   179 | D        | HP: 1/37 [poisoned by a worker ant]
   478 | D        | Noticed a floating eye
   481 | D        | Noticed a big kobold
   482 | D        | Reached *** piety under Trog
   482 | D        | Paralysed by a floating eye for 3 turns
   485 | D        | Killed a floating eye
   485 | D        | Reached skill level 8 in Axes
   485 | D        | Reached XP level 4. HP: 45/48 MP: 3/3
   485 | D        | Reached XP level 5. HP: 50/53 MP: 4/4
   490 | D        | Reached **** piety under Trog
   490 | D        | Reached skill level 9 in Axes
   618 | D        | Noticed a warg
   619 | D        | Noticed a flying skull
   619 | D        | Noticed an ogre
   623 | D        | Killed a warg
   623 | D        | Reached skill level 10 in Fighting
   623 | D        | Reached skill level 10 in Axes
   623 | D        | Reached skill level 5 in Dodging
   623 | D        | Reached XP level 6. HP: 58/66 MP: 5/5
   627 | D        | Killed a flying skull
   627 | D        | Reached skill level 12 in Axes
   627 | D        | Reached skill level 5 in Armour
   628 | D        | Reached XP level 7. HP: 63/74 MP: 6/6
   629 | D        | Reached ***** piety under Trog
   691 | D        | Noticed Urug
   701 | D        | Killed Urug
   701 | D        | Reached skill level 14 in Axes
   701 | D        | Reached skill level 1 in Stealth
   701 | D        | Reached XP level 8. HP: 86/86 MP: 7/7
   753 | D        | Noticed a sun demon
   754 | D        | Received a gift from Trog
   757 | D        | Killed a sun demon
   757 | D        | Reached skill level 15 in Axes
  1102 | D        | Noticed an efreet
  1104 | D        | Reached XP level 9. HP: 77/95 MP: 8/8
  1104 | D        | Killed an efreet
  1104 | D        | Received a gift from Trog
  1104 | D        | Reached skill level 16 in Axes
  1376 | D        | Reached skill level 15 in Fighting
  1383 | D        | Received a gift from Trog
  1383 | D        | Reached skill level 17 in Axes
  1510 | D        | Noticed a black mamba
  1512 | D        | Noticed a manticore
  1512 | D        | Noticed a phantasmal warrior
  1518 | D        | HP: 4/97 [manticore (9)]
  1520 | D        | Killed a black mamba
  1520 | D        | Slain by a manticore

Skill      XL: |  1  2  3  4  5  6  7  8  9 |
---------------+----------------------------+-----
Fighting       | 4 5 8 10 11 13 14 15 | 15.4
Axes           | 4 6 8 10 12 14 15 17 | 17.4
Armour         | 3 4 5 6 7 8 |  8.3
Dodging        | 3 4 5 6 7 8 |  8.5
Stealth        | 1 |  1.6

Action                   |  1- 3 |  4- 6 |  7- 9 || total
-------------------------+-------+-------+-------++-------
Melee: Hand axe          |    18 |    14 |    29 ||    61
       Headbutt          |     2 |     5 |    12 ||    19
       War axe           |       |       |    13 ||    13
       Battleaxe         |       |       |     5 ||     5
Invok: Berserk           |       |       |     1 ||     1
       Brothers in Arms  |       |       |     4 ||     4
  Use: Potion            |       |       |     2 ||     2
  Eat: Chunk             |       |       |     4 ||     4
Armor: Animal skin       |     2 |       |       ||     2
       Plate armour      |       |     5 |    41 ||    46
Dodge: Dodged            |    15 |    11 |    29 ||    55
